 Dungeon Crawl Stone Soup version 0.31.0-9-g3a7656b989 (webtiles) character file.

Game seed: 8187748574387939108

25 qw the Shooter (level 2, -4/16 HPs)
             Began as a Deep Elf Hunter on Feb 2, 2024.
             Slain by Sigmund
             ... wielding a +0 scythe
              (7 damage)
             ... on level 2 of the Dungeon.
             The game lasted 00:00:01 (1275 turns).

qw the Shooter (Deep Elf Hunter)                    Turns: 1275, Time: 00:00:02

Health: -4/16      AC:  5    Str:  8    XL:     2   Next: 82%
Magic:  4/4        EV: 10    Int: 13    God:
Gold:   98         SH:  0    Dex: 18    Spells: 1/1 levels left

rFire   . . .        a - +0 shortbow
rCold   . . .        (shield currently unavailable)
rNeg    . . .        g - +0 ring mail
rPois   .            (no helmet)
rElec   .            (no cloak)
rCorr   .            (no gloves)
SInv    .            (no boots)
Will    .....        (no amulet)
Stlth   +            (no ring)
HPRegen 0.22/turn    (no ring)
MPRegen 0.09/turn

%: no passive effects
@: no status effects
A: no striking features
a: no special abilities


You were on level 2 of the Dungeon.
You visited 1 branch of the dungeon, and saw 2 of its levels.

You collected 98 gold pieces.


   Skills:
 - Level 1.5 Fighting
 + Level 6.5 Ranged Weapons
 - Level 2.4 Dodging
 - Level 1.2 Stealth


You had one spell level left.
You didn't know any spells.
Your spell library was empty.

Inventory:

Hand Weapons
 a - a +0 shortbow (weapon)
Armour
 g - a +0 ring mail (worn)
Scrolls
 b - a scroll of torment {unknown}

Dungeon Overview and Level Annotations

Branches:
Dungeon (2/15)

Altars:

Annotations:
D:2 Sigmund


Message History

Found a whip.
A rat comes into view.
The rat squeaks loudly.
You shoot an arrow.
The arrow hits the rat but does no damage.
You shoot an arrow. The arrow hits the rat.
The rat is heavily wounded.
The rat bites you but does no damage. x2
You shoot an arrow. The arrow closely misses the rat.
The rat barely misses you.
You shoot an arrow. The arrow closely misses the rat.
The rat bites you but does no damage.
You shoot an arrow. The arrow hits the rat!
You kill the rat!
You see here a rat corpse.
b - a scroll labelled GEBY ZUOLICHE Sigmund the Dreaded comes into view.
He is wielding a +0 scythe.
Sigmund shouts!
You hear a shout!
A goblin comes into view. It is wielding a +0 dagger.
You shoot an arrow. The goblin shouts!
The arrow hits the goblin.
You kill the goblin!
You shoot an arrow. The arrow hits Sigmund.
Sigmund is lightly wounded.
You shoot an arrow.
The arrow hits Sigmund but does no damage.
Sigmund is lightly wounded.
Sigmund hits you from afar with a +0 scythe!
Ouch! That really hurt!
You shoot an arrow. The arrow barely misses Sigmund.
Sigmund misses you.
You shoot an arrow. The arrow hits Sigmund.
Sigmund is moderately wounded.
Sigmund hits you from afar with a +0 scythe.
You shoot an arrow. The arrow hits Sigmund!
Sigmund is severely wounded.
Sigmund hits you from afar with a +0 scythe!
You die...
Sigmund begins carving another notch in his scythe.

.. .. ##
.# #####
#.. ..
###....
#.##)
.......
#..@ .
#.... #.$#
#..#.##.
#.@# ....
#.
#..##.#.#
#..#.##.
#.......#
......
##.#####.#
##.##.
#...#
#..%.
#.#.####
####.
#......#
#.
##.###.#
#. #%###)#
##.


You could see Sigmund.

Vanquished Creatures
  2 ball pythons (D:1)
  A bat (D:1)
  3 endoplasms (D:1)
  7 goblins
  4 jackals (D:1)
  2 frilled lizards
  2 rats
21 creatures vanquished.

Notes
Turn   | Place    | Note
-------+----------+-------------------------------------------
     0 | D:1      | qw the Deep Elf Hunter began the quest for the Orb.
     0 | D:1      | Reached XP level 1. HP: 12/12 MP: 3/3
     0 | D:1      | 0 ||| qw: Version: 0.3-a-155-g5e7d8dd
     0 | D:1      | 0 ||| qw: Game counter: 1177
     0 | D:1      | 0 ||| qw: Melee chars always use a shield: true
     0 | D:1      | 0 ||| qw: God list: Okawaru
     0 | D:1      | 0 ||| qw: Allow faded altars: false
     0 | D:1      | 0 ||| qw: Do Orc after clearing Dungeon:15 true
     0 | D:1      | 0 ||| qw: Do second Lair branch before Depths: true
     0 | D:1      | 0 ||| qw: Lair rune preference: random
     0 | D:1      | 0 ||| qw: Goals: Normal
     0 | D:1      | 0 ||| PLANNING D:1-11
    72 | D:1      | Reached skill level 6 in Ranged Weapons
    72 | D:1      | Reached XP level 2. HP: 16/16 MP: 4/4
  1059 | D:1      | 1059 ||| UPGRADING to +0 scale mail.
  1069 | D:1      | 1069 ||| DROPPING +0 leather armour.
  1070 | D:1      | 1070 ||| UPGRADING to +0 ring mail.
  1080 | D:1      | 1080 ||| DROPPING +0 scale mail.
  1081 | D:1      | 1081 ||| READING scroll labelled LOGORE ARCHA.
  1182 | D:1      | 1182 ||| READING scroll labelled CYUSMY BERYZELUN.
  1187 | D:1      | 1187 ||| READING scroll labelled KIFO XIEQOT.
  1187 | D:1      | 1187 ||| IDENTIFYING bubbling silvery potion
  1188 | D:1      | 1188 ||| DROPPING scroll of butterflies.
  1189 | D:1      | 1189 ||| DROPPING potion of ambrosia.
  1269 | D:2      | Noticed Sigmund
  1274 | D:2      | HP: 3/16 [Sigmund/+0 scythe (5)]
  1275 | D:2      | Slain by Sigmund

Levels and vault maps discovered:
D:1:      minmay_arrival_jagged, layout_basic
D:2:      layout_loops_cross, nicolae_ecumenical_snake_handling,
          minmay_pentomino_p4, uniq_robin, uniq_sigmund, uniq_natasha

Skill      XL: |  1 |
---------------+----+-----
Ranged Weapons | 6 |  6.5
Fighting       | |  1.5
Dodging        | |  2.4
Stealth        | |  1.2

Action                     || total
---------------------------++-------
   Fire: Shortbow          ||    48
    Use: Scroll            ||     3
 Armour: Leather armour    ||     8
         Ring mail         ||     6
  Dodge: Dodged            ||     5

Table legend:
 A = Non-vault XP
 B = Vault XP
 C = Vault XP percentage of total XP
 D = Non-vault monster count
 E = Vault monster count
 F = Vault count percentage of total count
                 A         B        C        D         E       F
            +---------+---------+-------+---------+---------+-------
      Total |      36 |       0 |   0.0 |      21 |       0 |   0.0
            +---------+---------+-------+---------+---------+-------
        D:1 |      32 |       0 |   0.0 |      18 |       0 |   0.0
        D:2 |       4 |       0 |   0.0 |       3 |       0 |   0.0
            +---------+---------+-------+---------+---------+-------
